AoeStats
← Child of Light

Four Lakes

509020789Analyzed
1v1 RM · 9d ago on Sep 25, 2026· 42m 7s· 2 players
Game mode
Random Map
Map size
Tiny (2 player)
Population
200
Speed
Normal
Resources
Standard
Victory
Conquest
Starting age
Dark Age
Ending age
Imperial Age
RankedLock teamsTeams togetherTeam positionsShared explorationLock speedFull tech treeHidden civsTurbo modeCheats
Victory
Defeat
🇧🇷 Muisca · Brazil
1019
+15
🇺🇸 Tupi · United States
996
-23
Dr. Prince
6:57 Loom
9:57 Feudal Age
11:51 Double-Bit Axe
12:21 Champi Runner
14:33 Forging
14:25 Scale Mail Armor
15:36 Wheelbarrow
14:52 Arson
15:19 Forging
22:34 Castle Age
21:09 Fletching
22:02 Padded Archer Armor
22:39 Fishing Lines
22:42 Horse Collar
22:53 Gold Mining
22:44 Champi Warrior
23:42 Chain Mail Armor
24:56 Bodkin Arrow
33:42 Town Watch
37:09 Imperial Age
36:59 Squires
38:20 Caravan
38:36 Bracer
Child of Light
6:26 Loom
11:18 Feudal Age
12:38 Wheelbarrow
12:00 Double-Bit Axe
12:26 Champi Runner
13:10 Gold Mining
13:58 Fishing Lines
15:48 Scale Mail Armor
16:30 Forging
21:47 Castle Age
21:52 Champi Warrior
23:16 Squires
25:18 Chain Mail Armor
25:39 Iron Casting
29:47 Bow Saw
35:09 Imperial Age
33:37 Horse Collar
34:38 Gold Shaft Mining
33:53 Stone Mining
34:23 Gillnets
34:56 Fletching
36:05 Ballistics
Connection lost

Rejoining the realm…

Still unreachable

The connection could not be restored.

Session expired

The server has moved on; the page needs a fresh start.